 Dungeon Crawl Stone Soup version 0.27.0-1-g7a089689b8 (webtiles) character file.

Game seed: 12918980010690449164

11 trckry the Sneak (level 2, 0/24 HPs)
             Began as a Human Delver on Aug 8, 2021.
             Killed from afar by an orc wizard (6 damage)
             ... with a puff of flame
             ... on level 4 of the Dungeon.
             The game lasted 00:03:16 (478 turns).

trckry the Sneak (Human Delver)                      Turns: 478, Time: 00:03:17

Health: 0/24       AC:  3    Str: 12    XL:     2   Next: 35%
Magic:  2/2        EV: 12    Int: 10    God:
Gold:   57         SH:  0    Dex: 14    Spells: 1/1 levels left

rFire    . . .     SeeInvis .   e - +2 short sword (drain)
rCold    . . .     Faith    .   (no shield)
rNeg     . . .     Spirit   .   b - +0 leather armour
rPois    .         Reflect  .   (no helmet)
rElec    .         Harm     .   h - scarf {shadows}
rCorr    .         Rampage  .   (no gloves)
Will     .....                  (no boots)
Stlth    +++.......             (no amulet)
HPRegen  0.08/turn              (no ring)
MPRegen  0.08/turn              (no ring)

@: hasted, very quick
A: no striking features
a: no special abilities


You were on level 4 of the Dungeon.
You visited 1 branch of the dungeon, and saw 2 of its levels.

You collected 57 gold pieces.

Inventory:

Hand Weapons
 a - a +0 mace
 e - a +2 short sword of draining (weapon)
Armour
 b - a +0 leather armour (worn)
 h - a scarf of shadows (worn)
 i - a +0 chain mail
Wands
 g - a wand of digging (1)
Scrolls
 c - a scroll of fog
 d - a scroll of magic mapping
 j - a scroll of teleportation {unknown}


   Skills:
 - Level 3.0 Fighting
 * Level 2.9 Maces & Flails
 - Level 2.0 Dodging
 - Level 5.0 Stealth


You had one spell level left.
You didn't know any spells.
Your spell library contained the following spells:

 Spells                   Type           Power      Damage    Failure   Level
 Blink                    Tloc           N/A        N/A       58%         2
 Lesser Beckoning         Tloc           0%         N/A       82%         3
 Manifold Assault         Tloc           0%         N/A       100%        5


Dungeon Overview and Level Annotations

Branches:
Dungeon (5/15)             Temple (0/1) D:4

Altars:

Annotations:
D:4 Blork the orc, Eustachio


Message History

The orc wizard is moderately wounded.
The orc wizard completely misses you.
You miss the orc wizard.
The orc wizard is moderately wounded.
The orc wizard gestures at you while chanting.
The magic dart hits you.
You take 5 damage, and have 8/24 hp.
MASSIVE DAMAGE!!
You hit the orc wizard. You drain the orc wizard.
The orc wizard is severely wounded.
The orc wizard hits you but does no damage.
An adder comes into view.
The adder hisses angrily.
You hit the orc wizard.
The orc wizard is almost dead.
The orc wizard points at you and mumbles some strange words.
You are confused.
The orc wizard mumbles some strange words.
The orc wizard flickers and vanishes!
You're too confused to move!
The orc wizard barely misses you.
You closely miss the orc wizard.
The orc wizard is almost dead.
The orc wizard hits you with a +0 dagger.
* * * LOW HITPOINT WARNING * * *
You take 3 damage, and have 5/24 hp.
You feel yourself speed up. The orc wizard barely misses you.
You are too confused!
The orc wizard hits you but does no damage.
Found 4 gold pieces.
You feel less confused.
Blork the orc comes into view.
He is wielding a +0 dire flail and wearing a +2 robe of willpower.
Blork the orc shouts!
As you read the scroll of magic mapping, it crumbles to dust.
You feel aware of your surroundings.
You sensed 1 altar.
Aiming: Dig
Press: ? - help, Shift-Dir - straight line A rock wall.
The rock shatters into small pieces.
The orc wizard points at you and mumbles some strange words.
The puff of flame hits you.
You die...

#..#*,,ooZ.#.#.####
#..#,,*oS.##.#...##
#..#####S##..#...##
#..'†S.#'#...#....#
#.o##oo......#'...#
#..###........###.#
#.o#.#.........####
#####..#.'#.......[...'
......@#...........####
######.##.........###.#
#$##........#'...#
#.+...#'#...#....#
#o##.##.##..#...##
#.#..#...##.#...##
#.##.....†#.#.####
*,*########+###**#
*,,,,,,,,,,,.@....


You could see Blork the orc, an orc wizard (drained) and an orc.

Vanquished Creatures
  An adder (D:4)
  A hobgoblin (D:4)
2 creatures vanquished.

Notes
Turn   | Place    | Note
-------+----------+-------------------------------------------
     0 | D:5      | trckry the Human Delver began the quest for the Orb.
     0 | D:5      | Reached XP level 1. HP: 18/18 MP: 1/1
    16 | D:5      | Noticed a water moccasin
    60 | D:5      | Noticed a water moccasin zombie
   330 | D:4      | Noticed an orc priest
   378 | D:4      | Noticed Eustachio
   393 | D:4      | Noticed an orc wizard
   450 | D:4      | Noticed an orc wizard
   450 | D:4      | Noticed an orc wizard
   452 | D:4      | Noticed an orc wizard
   462 | D:4      | Reached XP level 2. HP: 18/24 MP: 2/2
   475 | D:4      | Noticed Blork the orc
   478 | D:4      | Killed from afar by an orc wizard

Illustrated notes

Levels and vault maps discovered:
D:4:      layout_loops_ring, fedhas_ov_isle_minmay, minmay_temple_entry_glass,
          minmay_pentangle, uniq_blork_the_orc, uniq_grinder, uniq_menkaure,
          uniq_eustachio, uniq_natasha
D:5:      minmay_bubble_buster, layout_basic, vehumet_statue, minivault_27

Action                   || total
-------------------------++-------
Melee: Short sword       ||    12
Evoke: Wand              ||     2
  Use: Scroll            ||     2
       Potion            ||     1
 Stab: Sleeping          ||     1
Armor: Leather armour    ||     2
Dodge: Dodged            ||     7
